 Dungeon Crawl Stone Soup version 0.28.0-56-g4927b6849a (webtiles) character file.

Game seed: 11833765781802791229

1324615 AarnesTheHuman the Apostle (level 26, 292/292 HPs)
             Began as a Hill Orc Fighter on Jan 30, 2023.
             Was a High Priest of Beogh.
             Escaped with the Orb
             ... and 3 runes on Feb 3, 2023!
             The game lasted 05:09:56 (110284 turns).

AarnesTheHuman the Apostle (Hill Orc Fighter)     Turns: 110284, Time: 05:09:56

Health: 292/292    AC: 31    Str: 24 (27) XL:     26   Next: 43%
Magic:  40/40      EV: 12    Int: 12 (16) God:    Beogh [*****.]
Gold:   6108       SH: 29    Dex: 24      Spells: 25/25 levels left

rFire   + + .      SeeInvis .   a - +9 broad axe (flame)
rCold   + + .      Faith    .   t - +6 tower shield {reflect}
rNeg    . . .      Spirit   +   Z - +1 gold dragon scales
rPois   +          Reflect  +   s - +2 hat {Int+3}
rElec   .          Harm     .   c - +2 cloak {Will+}
rCorr   +          Rampage  .   F - +0 pair of fencer's gloves {Riposte Dex+3}
Will    +++..                   j - +2 pair of boots {Stlth+}
Stlth   ..........              y - amulet "Roempoi" {Spirit +Blink rF+ Str-4 Dex+4}
HPRegen 0.58/turn               z - ring of Jipomnih {rC+ Str-2 Dex+3 Slay+5}
MPRegen 0.27/turn               i - ring of Oviracru {Will+ rCorr Int+5 Dex+4 Stlth-}

@: no status effects
A: walk on water, deformed body, robust 1, strong 1, wild magic 1
0: Orb of Zot
}: 3/15 runes: serpentine, barnacled, silver
a: Renounce Religion, Evoke Blink, Smiting, Recall Orcish Followers, Give Item
to Named Follower


You escaped.
You worshipped Beogh.
Beogh was extremely pleased with you.
You visited 11 branches of the dungeon, and saw 50 of its levels.
You visited 1 bazaar.
You also visited: Bailey, Gauntlet and Wizlab.

You collected 9199 gold pieces.
You spent 3091 gold pieces at shops.

Inventory:

Hand Weapons
 a - a +9 broad axe of flaming (weapon)
 b - the +6 hunting sling of Dishonesty {venom, rElec rCorr}
   (You bought it in a shop on level 13 of the Dungeon)

   Any ammunition fired from it poisons the flesh of those it strikes.
   rElec:     It insulates you from electricity.
   rCorr:     It protects you from acid and corrosion.
 L - the +6 broad axe "Xychi" {drain, rF+ Will+ Int+4 Stlth-}
   (You took it off an ironbound convoker on level 5 of the Vaults)

   A truly terrible weapon, it drains the life of any living foe it strikes.
   Int:       It affects your intelligence (+4).
   rF:        It protects you from fire.
   Will:      It increases your willpower.
   Stlth:     It makes you less stealthy.
 V - a +5 vampiric broad axe
Missiles
 m - 230 sling bullets
 T - 8 throwing nets (quivered)
Armour
 c - a +2 cloak of willpower (worn)
 j - a +2 pair of boots of stealth (worn)
 s - a +2 hat of intelligence (worn)
 t - a +6 tower shield of reflection (worn)
 F - the +0 pair of fencer's gloves (worn) {Riposte Dex+3}
   (You acquired it on level 1 of the Lair of Beasts)

   It allows the wearer to riposte with melee weapons, swiftly retaliating
   against missed attacks.
   Dex:       It affects your dexterity (+3).
 Z - +1 gold dragon scales (worn)
Jewellery
 i - the ring of Oviracru (right hand) {Will+ rCorr Int+5 Dex+4 Stlth-}
   (You bought it in a shop on level 4 of the Snake Pit)

   [ring of willpower]

   Int:       It affects your intelligence (+5).
   Dex:       It affects your dexterity (+4).
   rCorr:     It protects you from acid and corrosion.
   Will:      It increases your willpower.
   Stlth:     It makes you less stealthy.
 y - the amulet "Roempoi" (around neck) {Spirit +Blink rF+ Str-4 Dex+4}
   (You took it off a gnoll on level 3 of the Dungeon)

   [amulet of guardian spirit]

   It causes incoming damage to be divided between your reserves of health and
   magic.
   Str:       It affects your strength (-4).
   Dex:       It affects your dexterity (+4).
   rF:        It protects you from fire.
   +Blink:    It lets you blink.
 z - the ring of Jipomnih (left hand) {rC+ Str-2 Dex+3 Slay+5}
   (You bought it in a shop on level 4 of the Snake Pit)

   [ring of protection from cold]

   Str:       It affects your strength (-2).
   Dex:       It affects your dexterity (+3).
   Slay:      It affects your accuracy & damage with ranged weapons and melee
   (+5).
   rC:        It protects you from cold.
 O - the ring of Ykyedi {rCorr SInv}
   (You acquired it in a bailey)

   [ring of resist corrosion]

   SInv:      It lets you see invisible.
   rCorr:     It protects you from acid and corrosion.
 U - the ring "Catuxzirgh" {*Corrode rN++ MP+9 Int+6 Slay+6}
   (You took it off an ironbound convoker on level 5 of the Vaults)

   [ring of intelligence]

   Int:       It affects your intelligence (+6).
   Slay:      It affects your accuracy & damage with ranged weapons and melee
   (+6).
   rN:        It greatly protects you from negative energy.
   MP:        It affects your magic capacity (+9).
   *Corrode:  It may corrode you when you take damage.
Wands
 p - a wand of flame (96)
 v - a wand of iceblast (23)
 B - a wand of acid (16)
 K - a wand of paralysis (15)
 M - a wand of digging (1)
 R - a wand of charming (2)
 X - a wand of mindburst (1)
Scrolls
 e - 5 scrolls of fear
 h - 5 scrolls of summoning
 k - 19 scrolls of teleportation
 C - 4 scrolls of silence
 D - 5 scrolls of fog
 E - a scroll of blinking
 H - 3 scrolls of holy word
 J - 3 scrolls of magic mapping
 Y - 6 scrolls of vulnerability
Potions
 d - 3 potions of might
 l - 7 potions of berserk rage
 n - 3 potions of invisibility
 q - 30 potions of curing
 r - 4 potions of cancellation
 u - 10 potions of resistance
 w - 8 potions of haste
 x - 11 potions of lignification
 A - 2 potions of magic
 G - 4 potions of heal wounds
 I - 2 potions of brilliance
 P - 2 potions of mutation
 Q - 15 potions of ambrosia
 S - 11 potions of flight
Miscellaneous
 f - a condenser vane
 o - a phial of floods
 N - a tin of tremorstones (2/2)
 W - a phantom mirror


   Skills:
 O Level 27 Fighting
 - Level 25.0 Axes
 - Level 10.0 Slings
 + Level 22.2 Armour
 + Level 12.6 Dodging
 + Level 18.6 Shields
 O Level 27 Invocations
 - Level 15.0 Evocations


You had 25 spell levels left.
You didn't know any spells.
Your spell library contained the following spells:

 Spells                   Type           Power      Damage    Failure   Level
 Animate Skeleton         Necr           0%         N/A       100%        1
 Apportation              Tloc           0%         N/A       100%        1
 Beastly Appendage        Tmut           0%         N/A       100%        1
 Foxfire                  Conj/Fire      0%         2x1d4     100%        1
 Magic Dart               Conj           0%         1d3       100%        1
 Pain                     Necr           0%         1d4       100%        1
 Sandblast                Erth           0%         2d4       100%        1
 Shock                    Conj/Air       0%         1d3       100%        1
 Slow                     Hex            0%         N/A       100%        1
 Summon Small Mammal      Summ           0%         N/A       100%        1
 Blink                    Tloc           0%         N/A       100%        2
 Corpse Rot               Necr/Air       0%         N/A       100%        2
 Passwall                 Tmut/Erth      0%         N/A       100%        2
 Poisonous Vapours        Pois/Air       0%         N/A       100%        2
 Searing Ray              Conj           0%         2d4       100%        2
 Static Discharge         Conj/Air       0%         N/A       100%        2
 Wereblood                Tmut           0%         N/A       100%        2
 Call Canine Familiar     Summ           0%         N/A       100%        3
 Confusing Touch          Hex            0%         N/A       100%        3
 Conjure Flame            Conj/Fire      0%         6-21      100%        3
 Frozen Ramparts          Ice            0%         1d2       100%        3
 Gell's Gravitas          Tloc           0%         N/A       100%        3
 Ignite Poison            Fire/Tmut/Pois 0%         N/A       100%        3
 Inner Flame              Hex/Fire       0%         N/A       100%        3
 Lesser Beckoning         Tloc           0%         N/A       100%        3
 Mephitic Cloud           Conj/Pois/Air  0%         N/A       100%        3
 Ozocubu's Armour         Ice            0%         N/A       100%        3
 Portal Projectile        Hex/Tloc       0%         N/A       100%        3
 Spider Form              Tmut/Pois      0%         N/A       100%        3
 Stone Arrow              Conj/Erth      0%         3d7       100%        3
 Summon Guardian Golem    Hex/Summ       0%         N/A       100%        3
 Swiftness                Air            0%         N/A       100%        3
 Teleport Other           Tloc           0%         N/A       100%        3
 Tukima's Dance           Hex            0%         N/A       100%        3
 Vampiric Draining        Necr           0%         2d6       100%        3
 Airstrike                Air            0%         N/A       100%        4
 Anguish                  Hex/Necr       0%         N/A       100%        4
 Animate Armour           Summ/Erth      0%         N/A       100%        4
 Cause Fear               Hex            0%         N/A       100%        4
 Dispel Undead            Necr           0%         3d6       100%        4
 Flame Wave               Conj/Fire      0%         2d4       100%        4
 Fulminant Prism          Conj/Hex       0%         3d6       100%        4
 Ice Form                 Ice/Tmut       0%         N/A       100%        4
 Passage of Golubria      Tloc           0%         N/A       100%        4
 Sticky Flame             Conj/Fire      0%         2d3       100%        4
 Summon Ice Beast         Ice/Summ       0%         N/A       100%        4
 Summon Lightning Spire   Summ/Air       0%         N/A       100%        4
 Alistair's Intoxication  Tmut/Pois      0%         N/A       100%        5
 Blade Hands              Tmut           0%         N/A       100%        5
 Fireball                 Conj/Fire      0%         3d3       100%        5
 Lightning Bolt           Conj/Air       0%         1d11      100%        5
 Manifold Assault         Tloc           0%         N/A       100%        5
 Yara's Violent Unravell  Hex/Tmut       0%         3d3       100%        5
 Conjure Ball Lightning   Conj/Air       0%         3x3d6     100%        6
 Death Channel            Necr           0%         N/A       100%        6
 Dispersal                Tloc           0%         N/A       100%        6
 Iron Shot                Conj/Erth      0%         9d1       100%        6
 Starburst                Conj/Fire      0%         6d3       100%        6
 Dragon Form              Tmut           0%         N/A       100%        7
 Enfeeble                 Hex            0%         N/A       100%        7
 Malign Gateway           Summ/Tloc      0%         N/A       100%        7
 Ozocubu's Refrigeration  Ice            0%         4d5       100%        7
 Storm Form               Tmut/Air       0%         N/A       100%        7
 Discord                  Hex            0%         N/A       100%        8
 Disjunction              Tloc           0%         N/A       100%        8
 Ignition                 Fire           0%         3d3       100%        8
 Summon Horrible Things   Summ           0%         N/A       100%        8
 Dragon's Call            Summ           0%         N/A       100%        9


Dungeon Overview and Level Annotations

Branches:
Dungeon (15/15)            Temple (1/1) D:6            Lair (6/6) D:9
 Shoals (4/4) Lair:2        Snake (4/4) Lair:4        Slime (0/5) Lair:6
    Orc (2/2) D:9             Elf (3/3) Orc:2        Vaults (5/5) D:13
  Crypt (0/3) Vaults:2     Depths (4/4) D:15           Hell (visited)
    Zot (5/5) Depths:4     Bailey (visited)          WizLab (visited)
Gauntlet (visited)
    Dis: Hell:1         Geh: Hell:1         Coc: Hell:1         Tar: Hell:1

Altars:
Ashenzari
Cheibriados
Dithmenos
Elyvilon
Fedhas
Gozag
Hepliaklqana
Kikubaaqudgha
Makhleb
Nemelex Xobeh
Okawaru
Qazlal
Ru
Sif Muna
Trog
Uskayaw
Vehumet
Wu Jian
Xom
Yredelemnul
Zin
The Shining One
Lugonu

Shops:
D:3 (   D:4 [   D:5 [   D:7 *   D:8 :   D:10 *   D:13 (   D:14 (   Orc:2 :([(*
Elf:3 :   Shoals:2 (   Snake:2 *!   Snake:4 =[*   Vaults:2 :   Vaults:4 [**
Depths:1 =::

Portals:
Hell: Depths:1 Depths:2 Depths:3 Depths:4
Abyss: Shoals:4 Depths:3 Depths:4
Pandemonium: Depths:1 Depths:2
Ziggurat: Depths:4
Trove: D:12 (give 10 potions of heal wounds)

Annotations:
D:2 exclusion: downstairs
D:9 exclusion: downstairs
D:14 exclusion: downstairs
Lair:1 exclusion: 2 downstairs
Lair:3 exclusion: 2 downstairs
Lair:5 exclusion: downstairs
Snake:2 exclusion: 2 downstairs
Elf:2 3 runed translucent doors
Vaults:3 exclusion: obsidian statue
Vaults:4 exclusion: downstairs
Depths:2 exclusion: downstairs
Depths:4 exclusion: downstairs
Hell Geryon


Innate Abilities, Weirdness & Mutations

You can walk on water.
Armour fits poorly on your strangely shaped body.
You are robust. (+10% HP)
Your muscles are strong. (Str +2)
Your spells are a little harder to cast, but a little more powerful.


Message History

There is a stone staircase leading down here.
You slice the shadow demon!! You burn the shadow demon!
The shadow demon is almost dead.
You block the shadow demon's attack.
You slice the shadow demon!! You burn the shadow demon.
You kill the shadow demon!
Beogh accepts your kill.
(D) Dungeon (T) Temple (L) Lair (A) Shoals (P) Snake Pit (M) Slime Pits (O) Orcish Mines (E) Elven Halls (V) Vaults (C) Crypt (U) Depths (H) Hell (Z) Zot
Where to? (Enter - D:1, ? - help)
There is a stone staircase leading up, spattered with blood here.
You climb upwards.
There is a stone staircase leading down, spattered with blood here.
Items here: ))) [[.
There is a stone staircase leading up here.
You climb upwards.
There is a stone staircase leading down here.
There is an escape hatch in the ceiling here.
A mysterious force pulls you upwards. The hatch slams shut behind you.
There is an open door here.
There is an open door here.
There is an open door here.
There is an open door here.
There is a stone staircase leading up here.
You climb upwards.
There is a stone staircase leading down here.
There is a stone staircase leading up here.
You climb upwards.
Level annotation: exclusion: downstairs
There is a stone staircase leading down here.
There is a stone staircase leading up here.
You climb upwards.
There is a stone staircase leading down here.
You see here a +0 club.
You see here a +0 dagger.
HP restored.
There is a staircase leading out of the dungeon here.
You have escaped!

#.#.#..............
#.#.#.###..........
#...#.#.#....).....
#.....#.#....).....
#..#..#.#..........
#..#..#.#..........
##.....#.#...###....
#.######.#####8###..
#.#@......)........#
#.######.#####8###.#
#.# #.# #####.# #.#
#.# ###...... #.#
#.###...####. #.#
#.#...####...
#######.# #.#####
#..#. #.......##
#### #####.##.
#.#####..####.#
#........


There were no monsters in sight!

Vanquished Creatures
  Mara (Vaults:4)
  4 orbs of fire
  4 ancient liches (Zot:5)
  A juggernaut (Depths:2)
  Margery (Vaults:5)
  8 Killer Klowns
  Bai Suzhen (Depths:2)
  5 caustic shrikes
  A curse toe (Zot:5)
  Saint Roka (Snake:3)
  Vashnia (Snake:3)
  the Enchantress (Depths:4)
  A profane servitor (D:8)
  14 golden dragons
  A bone dragon (Depths:4)
  4 electric golems
  Jorgrun (Orc:2)
  7 tentacled monstrosities
  A titan (Vaults:5)
  Rupert (D:13)
  26 Orb Guardians
  Asterion (Snake:2)
  A walking crystal tome (Depths:3)
  A deep elf master archer (Elf:3)
  A walking frostbound tome (Depths:4)
  An acid blob (WizLab)
  5 quicksilver dragons
  14 death cobs
  4 sphinxes
  Gastronok (D:8)
  Kirke (Snake:1)
  6 storm dragons
  Agnes (D:14)
  9 shadow dragons
  3 draconian monks
  5 tengu reavers
  4 draconian knights
  2 iron dragons
  3 fire giants
  5 nagarajas
  6 frost giants
  An emperor scorpion (shapeshifter) (Vaults:5)
  9 vault wardens
  Aizul (Snake:2)
  2 ghost moths
  3 deep elf sorcerers
  4 draconian stormcallers
  6 draconian scorchers
  9 draconian shifters
  4 spriggan defenders
  13 very ugly things
  3 ironbound preservers
  3 demonspawn corrupters (WizLab)
  10 draconian annihilators
  7 deep elf elementalists
  7 stone giants
  A war gargoyle (Vaults:5)
  3 ironbound thunderhulks
  8 white draconians
  4 deep elf annihilators (Elf:3)
  3 deep elf demonologists
  2 entropy weavers
  8 black draconians
  2 spark wasps (Depths:1)
  10 green draconians
  13 purple draconians
  4 dire elephants
  2 vampire knights
  2 pale draconians (Depths:4)
  11 red draconians
  14 yellow draconians
  2 minotaurs
  5 deep elf death magi
  10 merfolk impalers (Shoals:4)
  6 ettins
  9 fire dragons
  2 merfolk javelineers
  7 yaktaur captains
  Josephine (Lair:4)
  6 great orbs of eyes
  3 rakshasas
  2 deep elf high priests
  21 vault guards
  A salamander tyrant (Snake:4)
  The ghost of Riddle the Blocker, a journeyman GnFi of Ru (Orc:2)
  7 ice dragons
  2 hell beasts (Depths:4)
  A boulder beetle (shapeshifter) (Elf:3)
  A boulder beetle (D:11)
  5 ironbound frosthearts
  2 anacondas
  2 ogre magi
  9 centaur warriors
  A ghost crab (Gauntlet)
  7 hydras
  4 naga warriors
  2 peacekeepers
  2 satyrs
  3 spriggan air magi
  A merfolk aquamancer (WizLab)
  An alligator snapping turtle (Shoals:4)
  A catoblepas (Lair:5)
  3 merfolk avatars
  9 death yaks
  4 two-headed ogres
  5 dancing weapons
  3 deep troll earth magi
  4 deep troll shamans
  4 tengu warriors
  4 spriggan berserkers
  2 vampire magi
  2 shock serpents (Snake:4)
  A hell knight (Vaults:5)
  6 naga sharpshooters
  14 deep elf knights
  2 orc high priests (Orc:2)
  A titan skeleton (Vaults:3)
  A sun demon (Depths:4)
  6 iron trolls
  A skeletal warrior (D:13)
  A swamp dragon (shapeshifter) (Vaults:5)
  A shadow demon (D:7)
  21 deep trolls
  12 deep elf archers
  A flayed ghost (Depths:1)
  7 sea snakes
  A spriggan druid (WizLab)
  16 wizards
  11 ironbound convokers
  3 phantasmal warriors (Vaults:5)
  Pikel (D:4)
  4 glowing orange brains
  15 deep elf pyromancers
  2 orc knights (Orc:2)
  An oklob plant (Lair:5)
  2 mana vipers
  6 lindwurms
  21 deep elf zephyrmancers
  4 necromancers
  A mana viper (shapeshifter) (Depths:3)
  15 ugly things
  16 harpies
  4 cyclopes
  2 fauns
  4 salamanders
  A moth of wrath (shapeshifter) (WizLab)
  A wolf spider (shapeshifter) (Vaults:5)
  9 manticores
  3 guardian serpents
  9 merfolk sirens
  16 moths of wrath
  11 vault sentinels
  3 elephants (Lair:6)
  6 naga magi
  A guardian serpent (shapeshifter) (Orc:2)
  13 black mambas
  4 worldbinders (WizLab)
  5 water nymphs
  A rust devil (Zot:2)
  Maurice (Orc:1)
  A gargoyle (D:13)
  A torpor snail (Lair:6)
  14 cane toads
  An unseen horror (Depths:3)
  2 kobold demonologists
  2 hellions
  8 komodo dragons
  9 yaktaurs
  6 rime drakes
  A demonic crawler (Depths:4)
  5 tengu conjurers
  2 efreet (D:12)
  24 merfolk
  An ice devil (Zot:2)
  4 trolls
  3 meliai
  5 polar bears
  6 wind drakes
  A yaktaur skeleton (Vaults:3)
  Grinder (D:3)
  5 hornets
  A tarantella (Vaults:3)
  A meliai zombie (D:11)
  18 blink frogs
  A human simulacrum (Vaults:3)
  15 slime creatures
  3 dream sheep (Lair:6)
  7 snapping turtles
  Sigmund (D:5)
  2 vampires
  A jumping spider (Gauntlet)
  5 spriggans
  A shadow (D:11)
  3 air elementals
  6 hogs
  The ghost of Peloso the Covered, an amateur MiFi (D:3)
  6 wraiths
  2 fire elementals (Elf:2)
  3 basilisks
  9 water elementals
  50 yaks
  A human (D:12)
  6 wyverns
  A yak (shapeshifter) (D:12)
  2 steam dragons (Depths:4)
  4 vampire mosquitoes (D:12)
  2 chaos spawn (Depths:3)
  3 redbacks
  Edmund (D:4)
  4 acid dragons
  11 nagas
  2 wargs
  3 sky beasts
  A floating eye (WizLab)
  19 water moccasins
  25 orc warriors
  A hornet zombie (D:8)
  3 ice beasts
  11 centaurs
  A tengu (shapeshifter) (Elf:3)
  A boggart (WizLab)
  24 wolves
  6 ogres
  4 lemures
  2 phantoms (D:9)
  A kobold brigand (D:8)
  8 bullfrogs
  3 scorpions
  An earth elemental (Elf:1)
  A troll zombie (D:9)
  15 killer bees
  2 wights (D:6)
  2 howler monkeys
  9 electric eels
  2 bullfrog zombies
  4 centaur zombies
  A jelly (D:6)
  9 orc priests
  4 hounds
  Jessica (D:3)
  8 orc wizards
  An iguana (D:9)
  4 hell rats (Lair:6)
  A polar bear simulacrum (D:14)
  A yak simulacrum (D:14)
  2 small abominations (Depths:3)
  7 ogre zombies (D:9)
  A howler monkey zombie (D:5)
  7 adders
  9 gnolls
  A shadow imp (D:8)
  A white imp (Gauntlet)
  4 dart slugs
  30 orcs
  An orc (shapeshifter) (Vaults:5)
  4 endoplasms
  A giant cockroach (D:2)
  24 goblins
  9 hobgoblins
  2 quokkas
  10 ball pythons
  9 bats
  10 frilled lizards
  2 goblin skeletons (D:9)
  3 goblin zombies (D:9)
  A hobgoblin skeleton (D:9)
  5 hobgoblin zombies (D:9)
  8 kobolds
  An orc skeleton (D:9)
  13 orc zombies (D:9)
  7 rats
  3 river rat simulacra (D:14)
  A lurking horror (Shoals:4)
  A plant (Shoals:2)
1414 creatures vanquished.

Vanquished Creatures (collateral kills)
  An orb of fire (Zot:1)
  A juggernaut (Depths:2)
  Frederick (Depths:4)
  Xtahua (Vaults:2)
  6 golden dragons
  6 caustic shrikes (Depths:2)
  11 tentacled monstrosities
  A walking crystal tome (Depths:3)
  Mlioglotl (Shoals:2)
  3 liches
  4 titans
  A deep elf blademaster (Elf:3)
  A quicksilver dragon (Vaults:4)
  2 deep elf master archers (Elf:3)
  2 sphinxes
  5 shadow dragons
  2 death cobs
  6 storm dragons
  Donald (Snake:2)
  3 nagarajas
  5 tengu reavers
  2 draconian knights
  9 fire giants
  A deep elf sorcerer (Elf:3)
  4 frost giants
  2 draconian shifters
  An iron dragon (Vaults:5)
  7 vault wardens
  A draconian stormcaller (Zot:1)
  An orc warlord (Vaults:4)
  9 ironbound preservers
  6 spriggan defenders
  4 draconian annihilators
  7 ironbound thunderhulks
  6 green draconians
  2 war gargoyles
  2 black draconians
  7 stone giants
  17 very ugly things
  3 deep elf demonologists
  3 deep elf annihilators
  2 entropy weavers (Vaults:3)
  3 purple draconians
  4 red draconians
  3 white draconians
  A spark wasp (Depths:4)
  5 dire elephants
  12 yellow draconians
  2 deep elf death magi (Elf:3)
  A crystal guardian (Vaults:3)
  6 fire dragons
  3 ettins
  A spectral spriggan (Depths:1)
  A yaktaur captain (Vaults:5)
  4 deep elf high priests
  2 ice dragons (Depths:2)
  13 vault guards
  2 salamander tyrants (Snake:4)
  2 rakshasas (Depths:2)
  5 naga warriors
  6 great orbs of eyes
  2 hydras
  A merfolk aquamancer (Shoals:4)
  A merfolk avatar (Shoals:1)
  2 ogre magi (Vaults:5)
  3 boulder beetles
  7 centaur warriors
  4 spriggan air magi
  3 anacondas
  10 ironbound frosthearts
  A two-headed ogre (D:13)
  A deep troll shaman (Depths:3)
  3 deep troll earth magi
  A satyr (Shoals:2)
  An alligator snapping turtle (Shoals:1)
  8 dancing weapons
  An orc high priest (Orc:2)
  4 hell knights (Vaults:5)
  7 naga sharpshooters
  3 spriggan berserkers
  4 tengu warriors
  2 skeletal warriors (D:13)
  5 shock serpents
  2 deep elf knights
  4 iron trolls
  3 sea snakes (Shoals:1)
  25 deep trolls
  A flayed ghost (Depths:3)
  A quicksilver dragon simulacrum (Depths:4)
  3 glowing orange brains
  A naga ritualist (Snake:3)
  6 ironbound convokers
  2 wizards
  A lindwurm (Vaults:3)
  10 deep elf zephyrmancers
  11 deep elf pyromancers
  2 phantasmal warriors
  2 necromancers
  2 deep elf archers
  2 mana vipers (Snake:4)
  9 harpies
  30 ugly things
  3 orc knights
  An orc sorcerer (D:15)
  3 salamanders
  A tengu skeleton (Vaults:3)
  6 moths of wrath
  4 manticores
  A centaur zombie (D:10)
  3 merfolk sirens
  7 vault sentinels
  11 naga magi
  5 water nymphs
  3 guardian serpents
  9 black mambas
  A rime drake (Lair:5)
  An unseen horror (Depths:3)
  4 yaktaurs
  A tengu conjurer (D:13)
  An elf skeleton (Vaults:3)
  A queen bee (D:15)
  4 meliai
  A hornet (Depths:4)
  4 merfolk
  9 slime creatures
  A wind drake (Shoals:2)
  A snapping turtle (shapeshifter) (Depths:3)
  2 blink frogs (Lair:5)
  A slime creature (shapeshifter) (Vaults:5)
  A dream sheep (Lair:6)
  6 snapping turtles
  2 spriggans (Depths:4)
  2 yaks
  2 air elementals (Elf:1)
  2 jumping spiders
  2 water elementals (Elf:1)
  2 fire elementals
  A hog (Snake:1)
  3 chaos spawn (Depths:3)
  17 nagas
  4 large abominations (Depths:3)
  A water moccasin (Lair:6)
  A floating eye (Depths:2)
  3 orc warriors
  6 wolves
  A small abomination (Depths:3)
  An earth elemental (Elf:2)
  10 killer bees (D:15)
  A wight (D:7)
  A howler monkey (D:10)
  2 orc priests
  2 yak simulacra (D:14)
  A polar bear simulacrum (D:14)
  2 wolf simulacra (D:14)
  3 orcs
  A river rat simulacrum (D:14)
  2 plants
598 creatures vanquished.

Vanquished Creatures (others)
  Saint Roka (Zot:1)
  14 orc warlords
  A yellow draconian (Zot:1)
  12 orc knights
  2 orc high priests
  A deep elf knight (Elf:1)
  An orc sorcerer (D:13)
  A deep elf pyromancer (Elf:1)
  17 orc priests
  A steam dragon (Depths:4)
  15 orc warriors
  An orc wizard (Vaults:3)
  27 orcs
  A bush (Lair:6)
  A creeping inferno (Zot:1)
  31 fungi
  166 plants
  2 starspawn tentacles (WizLab)
295 creatures vanquished.

Grand Total: 2307 creatures vanquished

Notes
Turn   | Place    | Note
-------+----------+-------------------------------------------
     0 | D:1      | AarnesTheHuman the Hill Orc Fighter began the quest for the
                  | Orb.
     0 | D:1      | Reached XP level 1. HP: 19/19 MP: 1/1
   340 | D:1      | Reached XP level 2. HP: 20/26 MP: 2/2
   543 | D:1      | Found a faded altar of an unknown god.
   671 | D:1      | Reached XP level 3. HP: 28/31 MP: 3/3
  1093 | D:2      | Reached skill level 5 in Axes
  1274 | D:2      | Reached XP level 4. HP: 39/39 MP: 4/4
  1396 | D:3      | Noticed Grinder
  1601 | D:3      | Found a transporter.
  1606 | D:3      | Found a transporter.
  1682 | D:3      | Identified the +12 halberd "Olehav" {venom, rPois rF+++ rN+
                  | Dex-3}
  1770 | D:3      | Killed Grinder
  1771 | D:3      | Reached XP level 5. HP: 38/47 MP: 5/5
  1771 | D:3      | Reached XP level 6. HP: 43/53 MP: 6/6
  1960 | D:3      | Found Cehureit's Weapon Shoppe.
  2082 | D:3      | Noticed Jessica
  2100 | D:3      | Killed Jessica
  2322 | D:4      | Found Giwy's Armour Boutique.
  2476 | D:4      | Found a sparkling altar of Nemelex Xobeh.
  2535 | D:4      | Found a burning altar of Makhleb.
  2537 | D:4      | Found a glowing silver altar of Zin.
  2537 | D:4      | Noticed an angel
  2538 | D:4      | Noticed a green death
  2578 | D:4      | Identified the +4 falchion "Riulick" {venom, Int+5 Stlth+}
  2948 | D:5      | Entered Level 5 of the Dungeon
  2948 | D:5      | Found Nent's Antique Armour Boutique.
  3112 | D:5      | Noticed an ice beast
  3126 | D:4      | Reached skill level 5 in Fighting
  3126 | D:4      | Reached XP level 7. HP: 21/61 MP: 7/7
  3364 | D:5      | Reached skill level 5 in Armour
  3364 | D:5      | Reached skill level 5 in Shields
  3519 | D:5      | Noticed Sigmund
  3529 | D:5      | Killed Sigmund
  3653 | D:5      | Noticed Edmund
  3694 | D:4      | Killed Edmund
  3695 | D:4      | Reached XP level 8. HP: 48/67 MP: 8/8
  4119 | D:5      | Noticed Pikel
  4432 | D:3      | Noticed Peloso's ghost (amateur MiFi)
  4465 | D:3      | Identified the amulet "Roempoi" {Spirit +Blink rF+ Str-4
                  | Dex+4}
  4583 | D:3      | Killed Peloso's ghost
  4895 | D:4      | Found a burning altar of Makhleb.
  4897 | D:4      | Found a glowing silver altar of Zin.
  5030 | D:4      | Found Giwy's Armour Boutique.
  5140 | D:4      | Killed Pikel
  5141 | D:4      | Reached XP level 9. HP: 20/83 MP: 9/9
  5537 | D:4      | Found a sparkling altar of Nemelex Xobeh.
  5720 | D:5      | Found a blossoming altar of Fedhas.
  5852 | D:6      | Found a staircase to the Ecumenical Temple.
  5877 | Temple   | Entered the Ecumenical Temple
  7017 | D:7      | Found a flagged portal.
  7040 | Bailey   | Entered a bailey
  7618 | Bailey   | Reached skill level 5 in Evocations
  8035 | Bailey   | Noticed a kobold demonologist
  8040 | Bailey   | Gained mutation: You are dopey. (Int -2) [a neqoxec]
  8042 | Bailey   | Killed a kobold demonologist
  8043 | Bailey   | Reached skill level 10 in Fighting
  8043 | Bailey   | Reached XP level 10. HP: 93/93 MP: 10/10
  8695 | Bailey   | Found an iron altar of Okawaru.
  8697 | Bailey   | Noticed an orc high priest
  8697 | Bailey   | Noticed an orc knight
  8701 | Bailey   | Noticed a smoke demon
  8701 | Bailey   | Became a worshipper of Beogh the Brigand
  8752 | Bailey   | Acquired a +2 broad axe of flaming
  8911 | Bailey   | Reached skill level 1 in Invocations
  9782 | D:7      | Found a white marble altar of Elyvilon.
  9885 | D:7      | Found Jene's Assorted Antiques.
 10144 | D:8      | Noticed Gastronok
 10485 | D:8      | Killed Gastronok
 10832 | D:8      | Found Anius's Book Shoppe.
 11129 | D:8      | Found an ancient bone altar of Kikubaaqudgha.
 11296 | D:8      | Reached * piety under Beogh
 11337 | D:9      | Reached XP level 11. HP: 99/101 MP: 13/13
 11863 | D:9      | Found a staircase to the Lair.
 11906 | D:9      | Reached skill level 5 in Invocations
 12169 | D:9      | Found a broken altar of Ashenzari.
 12185 | D:9      | Reached ** piety under Beogh
 12200 | D:9      | Found a staircase to the Orcish Mines.
 12392 | D:9      | Found a glowing golden altar of the Shining One.
 12882 | Lair:1   | Entered Level 1 of the Lair of Beasts
 12894 | D:9      | Reached *** piety under Beogh
 13294 | Lair:1   | Reached skill level 1 in Dodging
 13476 | Lair:1   | Noticed a six-headed hydra
 13524 | Lair:1   | Killed a four-headed hydra
 13525 | Lair:1   | Reached skill level 10 in Armour
 13528 | Lair:1   | Acquired the ring of Ykyedi {rCorr SInv}
 13530 | Lair:1   | Acquired the +0 pair of fencer's gloves {Riposte Dex+3}
 13530 | Lair:1   | Found the +0 pair of fencer's gloves {Riposte Dex+3}
 13577 | Lair:1   | Found a runed translucent door.
 14200 | Lair:1   | Noticed a minotaur
 14217 | Lair:1   | Killed a minotaur
 14218 | Lair:1   | Reached XP level 12. HP: 29/112 MP: 5/17
 15118 | Lair:2   | Noticed a death yak
 15154 | Lair:1   | Killed a death yak
 15283 | Lair:2   | Found a staircase to the Shoals.
 15863 | Lair:2   | Noticed a death yak
 15895 | Lair:1   | Killed a death yak
 15999 | Lair:2   | Noticed a death yak
 16000 | Lair:2   | Noticed a death yak
 16000 | Lair:2   | Noticed a death yak
 16020 | Lair:1   | Killed a death yak
 16068 | D:9      | Killed a death yak
 16264 | Lair:1   | Killed a death yak
 17404 | Lair:3   | Reached **** piety under Beogh
 17555 | Lair:3   | Identified the +5 flail of Areitefoa {vorpal, rElec Str+6
                  | Int-4 Stlth+}
 17589 | Lair:3   | Reached XP level 13. HP: 122/122 MP: 19/19
 17673 | Lair:3   | You fall into a shaft and drop 1 floor!
 17772 | Lair:4   | Noticed Josephine
 18521 | Lair:4   | Killed Josephine
 18755 | Lair:4   | Reached skill level 10 in Invocations
 18995 | Lair:4   | Found a staircase to the Snake Pit.
 19616 | Lair:4   | Reached skill level 15 in Fighting
 21142 | Lair:5   | Gained Margrim as an ally
 21433 | Lair:5   | Your ally Margrim died
 21511 | Lair:5   | Reached ***** piety under Beogh
 21956 | Lair:6   | Entered Level 6 of the Lair of Beasts
 22035 | Lair:5   | Reached skill level 15 in Armour
 22210 | Lair:6   | Gained Orkrul as an ally
 22513 | Lair:6   | Your ally Orkrul died
 22517 | Lair:6   | Reached XP level 14. HP: 96/136 MP: 15/21
 22876 | Lair:6   | Found a staircase to the Slime Pits.
 24639 | D:10     | Entered Level 10 of the Dungeon
 24697 | D:10     | Found a bloodstained altar of Trog.
 24705 | D:10     | Gained Syrus as an ally
 24856 | D:10     | Found Kijus's General Store.
 25441 | D:11     | You fall into a shaft and drop 1 floor!
 25552 | D:12     | Your ally Syrus died
 25966 | D:11     | Reached skill level 15 in Axes
 26855 | D:8      | Acquired 970 gold pieces
 26860 | D:8      | Acquired a manual of Fighting
 28148 | D:12     | Found a portal to a secret trove of treasure.
 28302 | D:12     | Identified the +10 chain mail of the Fabulous Grue {rF+
                  | Dex+4}
 28804 | D:12     | Gained Berold as an ally
 28815 | D:12     | Gained Ognian as an ally
 28954 | D:13     | Found Taiguev's Antique Weapon Shop.
 28962 | D:13     | Bought a polished hunting sling for 201 gold pieces
 28962 | D:13     | Identified the +6 hunting sling of Dishonesty {venom, rElec
                  | rCorr} (You bought it in a shop on level 13 of the Dungeon)
 28963 | D:13     | Identified the +1 quarterstaff "Forchiehon" {elec, Dex+2}
 29436 | D:13     | Reached XP level 15. HP: 145/149 MP: 24/24
 29657 | D:13     | Your ally Berold died
 29828 | D:13     | Reached skill level 1 in Slings
 30047 | D:13     | Noticed Rupert
 30053 | D:13     | Your ally Ognian died
 30194 | Orc:1    | Entered Level 1 of the Orcish Mines
 30586 | Orc:1    | Noticed Maurice
 30597 | Orc:1    | Killed Maurice
 30855 | Orc:2    | Entered Level 2 of the Orcish Mines
 30855 | Orc:2    | Noticed Riddle's ghost (journeyman GnFi)
 30855 | Orc:2    | Found a runed translucent door.
 31160 | Orc:2    | Reached ****** piety under Beogh
 31614 | Orc:2    | Noticed Jorgrun
 31634 | Orc:2    | Killed Jorgrun
 32107 | Orc:2    | Found Isutill's Antique Weapon Shoppe.
 32107 | Orc:2    | Found Xuoderea's Book Shoppe.
 32108 | Orc:2    | Found Linaij's Armour Emporium.
 32108 | Orc:2    | Found Hyssaz's Antique Weapon Shoppe.
 32214 | Orc:2    | Found a staircase to the Elven Halls.
 32240 | Orc:2    | Found Segaq's Gadget Gallery.
 32346 | Orc:2    | Killed Riddle's ghost
 32511 | D:13     | Killed Rupert
 32646 | D:13     | Gained Marbork as an ally
 32777 | D:13     | Reached skill level 5 in Slings
 32848 | D:13     | Gained Bogrim as an ally
 33092 | D:13     | Found a gate to the Vaults.
 33100 | D:13     | Gained Gorm as an ally
 33412 | D:14     | Found a gate leading to a gauntlet.
 33414 | D:14     | Found a frozen archway.
 33428 | Gauntlet | Entered a Gauntlet
 33428 | Gauntlet | Found a transporter.
 33428 | Gauntlet | Found a transporter.
 33432 | Gauntlet | Found a transporter.
 33441 | Gauntlet | Found a transporter.
 33454 | Gauntlet | Found a transporter.
 33460 | Gauntlet | Found a large runed translucent door.
 33461 | Gauntlet | Found a transporter.
 33461 | Gauntlet | Found a large runed translucent door.
 33462 | Gauntlet | Found a large runed translucent door.
 33462 | Gauntlet | Found a large runed translucent door.
 33463 | Gauntlet | Found a runed translucent gate.
 33544 | Gauntlet | Found a large runed translucent door.
 33544 | Gauntlet | Found a large runed translucent door.
 33544 | Gauntlet | Found a runed translucent door.
 33544 | Gauntlet | Found a transporter.
 33544 | Gauntlet | Found a runed translucent gate.
 33545 | Gauntlet | Found a runed translucent gate.
 33546 | Gauntlet | Found a large runed translucent door.
 33546 | Gauntlet | Found a large runed translucent door.
 33547 | Gauntlet | Found a large runed translucent door.
 33548 | Gauntlet | Found a large runed translucent door.
 33568 | Gauntlet | Found a transporter.
 33575 | Gauntlet | Found a transporter.
 33583 | Gauntlet | Found a runed translucent door.
 33584 | Gauntlet | Found a large runed translucent door.
 33585 | Gauntlet | Found a large runed translucent door.
 33587 | Gauntlet | Found a transporter.
 33596 | Gauntlet | Found a transporter.
 33631 | Gauntlet | Found a transporter.
 33640 | Gauntlet | Found a transporter.
 33654 | Gauntlet | Found a transporter.
 33755 | Gauntlet | Found a transporter.
 33771 | Gauntlet | Found a transporter.
 33787 | Gauntlet | Found a large runed translucent door.
 33787 | Gauntlet | Found a large runed translucent door.
 33788 | Gauntlet | Found a large runed translucent door.
 33789 | Gauntlet | Found a large runed translucent door.
 33939 | Gauntlet | Identified the ring "Myfeg" {Fire Str+4}
 34323 | Gauntlet | Identified the +6 rapier of Wueceebe {holy, rF+ rN++ Str-3
                  | Dex+2}
 34324 | Gauntlet | Got Fomygh's Volume of Orientation
 35157 | D:14     | Noticed Agnes
 35161 | D:14     | Killed Agnes
 35237 | D:15     | Entered Level 15 of the Dungeon
 35411 | D:15     | Found a staircase to the Depths.
 35578 | D:15     | Acquired a manual of Invocations
 35786 | D:15     | Reached XP level 16. HP: 147/160 MP: 22/25
 36362 | Shoals:1 | Entered Level 1 of the Shoals
 36465 | Shoals:1 | Found a flickering gateway to a bazaar.
 36480 | Bazaar   | Entered a bazaar
 36505 | Bazaar   | Found Liklit's Jewellery Shop.
 36531 | Bazaar   | Found Qerchaw's Book Shop.
 37571 | Shoals:2 | Reached skill level 10 in Shields
 37600 | Shoals:2 | Found Macemet's Antique Weapon Shoppe.
 37608 | Shoals:2 | Bought a sapphire hunting sling for 208 gold pieces
 37608 | Shoals:2 | Identified the +2 hunting sling of Sequestration {venom,
                  | +Blink Fly rF- Str+6} (You bought it in a shop on level 2
                  | of the Shoals)
 37608 | Shoals:2 | Bought a glowing broad axe for 224 gold pieces
 38032 | Shoals:2 | Noticed Mlioglotl
 38039 | Shoals:2 | Killed Mlioglotl
 38175 | Shoals:2 | You fall into a shaft and drop 1 floor!
 38214 | Shoals:3 | Your ally Gorm died
 38230 | Shoals:3 | Reached skill level 15 in Invocations
 38828 | Shoals:2 | Gained Morbeogh as an ally
 39324 | Shoals:3 | Found an ornate altar of the Wu Jian Council.
 40284 | Shoals:4 | Entered Level 4 of the Shoals
 40600 | Shoals:4 | Identified the +5 dagger of Uteed {flame, rCorr}
 40646 | Shoals:4 | Reached skill level 5 in Dodging
 41066 | Shoals:4 | Reached XP level 17. HP: 113/170 MP: 19/29
 41330 | Shoals:4 | Identified the +8 quick blade of the Heart {vorpal, rC-
                  | Str+4}
 41331 | Shoals:4 | Found a corrupted altar of Lugonu.
 41336 | Shoals:4 | Gained Arbolt as an ally
 41343 | Shoals:4 | Found a one-way gate to the infinite horrors of the Abyss.
 41561 | Shoals:4 | Gained Morun as an ally
 41881 | Shoals:4 | Got a barnacled rune of Zot
 41940 | Shoals:4 | Identified the +4 plate armour of the Bull {rPois Int+4
                  | Dex-4 Slay+3}
 43114 | Snake:1  | Entered Level 1 of the Snake Pit
 43267 | Snake:1  | Noticed Kirke
 43279 | Snake:1  | Killed Kirke
 43651 | Snake:2  | Noticed Donald
 43661 | Snake:2  | Killed Donald
 43662 | Snake:2  | Noticed Aizul
 43672 | Snake:2  | Killed Aizul
 43998 | Snake:2  | Found Qeanoij's Assorted Antiques.
 44003 | Snake:2  | Found Dupt's Distillery.
 44006 | Snake:2  | Bought a scroll of blinking for 157 gold pieces
 44014 | Snake:2  | Bought a potion of heal wounds for 55 gold pieces
 44014 | Snake:2  | Bought a potion of invisibility for 88 gold pieces
 44036 | Snake:2  | Gained Bogdar as an ally
 44040 | Snake:2  | Your ally Bogdar died
 44761 | Snake:2  | Noticed Asterion
 44773 | Snake:2  | Killed Asterion
 45192 | Snake:3  | Noticed Vashnia
 46084 | Snake:3  | Killed Vashnia
 46424 | Snake:3  | Identified the +3 halberd "Uluaboapli" {drain, Str+3 SInv}
 47349 | Snake:4  | Entered Level 4 of the Snake Pit
 47349 | Snake:4  | Noticed Saint Roka
 47363 | Snake:3  | Killed Saint Roka
 48067 | Snake:4  | Found Kiqihebb's Jewellery Shop.
 48087 | Snake:4  | Bought the ring of Jipomnih {rC+ Str-2 Dex+3 Slay+5} for
                  | 936 gold pieces
 48257 | Snake:4  | Found Odoj Vev's Armour Shoppe.
 48521 | Snake:4  | Found Vant's Assorted Antiques.
 48766 | Snake:4  | Reached XP level 18. HP: 165/184 MP: 27/31
 49607 | Snake:4  | Noticed a quicksilver dragon
 49610 | Snake:4  | Killed a quicksilver dragon
 49613 | Snake:4  | Noticed a quicksilver dragon
 49620 | Snake:4  | Killed a quicksilver dragon
 50133 | Snake:4  | Got a serpentine rune of Zot
 50687 | Vaults:1 | Entered Level 1 of the Vaults
 50940 | Vaults:1 | Found a magical portal.
 50945 | WizLab   | Entered Alistair's Party Mansion
 51519 | WizLab   | Noticed a golden dragon
 53431 | Vaults:1 | Acquired 544 gold pieces
 54055 | Vaults:2 | Found a staircase to the Crypt.
 54055 | Vaults:2 | Found a basalt altar of Yredelemnul.
 54056 | Vaults:2 | Found an ancient bone altar of Kikubaaqudgha.
 54166 | Vaults:2 | Reached XP level 19. HP: 195/195 MP: 33/33
 54296 | Vaults:2 | Found Gyanoont's Book Shoppe.
 54565 | Vaults:2 | Noticed Xtahua
 54574 | Vaults:2 | Killed Xtahua
 54575 | Vaults:2 | Reached skill level 10 in Slings
 56091 | Vaults:3 | Your ally Bogrim died
 56102 | Vaults:3 | Your ally Morun died
 56478 | Vaults:3 | Acquired a manual of Axes
 57914 | Vaults:4 | Noticed a tentacled monstrosity
 57922 | Vaults:4 | Killed a tentacled monstrosity
 58466 | Vaults:4 | Reached XP level 20. HP: 200/206 MP: 35/35
 59066 | Vaults:4 | Found Ofeu's Assorted Antiques.
 59823 | Vaults:4 | Found Ruphyom's Armour Boutique.
 59826 | Vaults:4 | Found Hyoqo's General Store.
 60446 | Orc:2    | Found a staircase to the Elven Halls.
 60478 | Orc:2    | Found Segaq's Gadget Gallery.
 60673 | Orc:2    | Found Xuoderea's Book Shoppe.
 60675 | Orc:2    | Found Hyssaz's Antique Weapon Shoppe.
 60678 | Orc:2    | Found Linaij's Armour Emporium.
 60679 | Orc:2    | Found Isutill's Antique Weapon Shoppe.
 60922 | Elf:1    | Entered Level 1 of the Elven Halls
 62653 | Elf:2    | Found a runed translucent gate.
 62653 | Elf:2    | Found a runed translucent gate.
 62667 | Elf:2    | Found a runed translucent gate.
 62724 | Elf:2    | Gained Bogwik as an ally
 63039 | Elf:3    | Entered Level 3 of the Elven Halls
 63573 | Elf:3    | Found Plog's Book Shop.
 64836 | Elf:3    | Paralysed by an air elemental for 1 turns
 64866 | Elf:3    | Reached XP level 21. HP: 95/217 MP: 14/36
 64887 | Elf:3    | Identified the +1 leather armour "Xegemasoi" {Rampage Will+
                  | Str-4}
 65438 | Elf:3    | Identified the +9 long sword of Ywienon {distort, Will-
                  | rCorr Int+6}
 65442 | Elf:3    | Identified the +12 hand axe of Harmony {protect, SInv}
 65457 | Elf:3    | Identified the +6 long sword "Odossaim" {drain, Int+4}
 65474 | Elf:3    | Identified the -6 pair of gloves of Pynullawk {rN+ Int+4}
 65488 | Elf:3    | Identified the ring "Ufohekia" {rN+++ AC+4 Str+4 Slay-6}
 65496 | Elf:3    | Identified the +8 short sword "Zaranico" {spect, Fragile
                  | rPois rC+++ Will+ Str-3}
 65498 | Elf:3    | Identified the +6 hand crossbow "Izyass" {flame, Fragile
                  | rElec Will- Str+8}
 65500 | Elf:3    | Got the Volume of Supportive Envenoming
 66322 | Depths:1 | Entered Level 1 of the Depths
 66322 | Depths:1 | Found an ornate altar of the Wu Jian Council.
 66626 | Depths:1 | Found a gateway to Hell.
 66647 | Depths:1 | Found Muolyily's Book Emporium.
 66648 | Depths:1 | Found Imosty's Jewellery Shop.
 66649 | Depths:1 | Found Zocreolo's Book Emporium.
 66701 | Depths:1 | Your ally Morbeogh died
 67158 | Depths:1 | Found a hazy altar of Hepliaklqana.
 67587 | Depths:1 | Found a one-way gate leading to the halls of Pandemonium.
 67761 | Depths:2 | Gained Bladwarg as an ally
 68835 | Depths:2 | You fall into a shaft and drop 2 floors!
 68835 | Depths:4 | Entered Level 4 of the Depths
 68840 | Depths:4 | Noticed Frederick
 68844 | Depths:4 | Killed Frederick
 68998 | Depths:4 | Noticed the Enchantress
 69006 | Depths:4 | Killed the Enchantress
 69019 | Depths:4 | Reached skill level 10 in Evocations
 69368 | Depths:3 | Identified the +4 flail of Fysiaros {drain, Will+}
 69666 | Depths:2 | Noticed Bai Suzhen
 69680 | Depths:2 | Killed Bai Suzhen
 70498 | Depths:2 | Noticed a caustic shrike
 70499 | Depths:2 | Noticed a caustic shrike
 70502 | Depths:2 | Killed a caustic shrike
 70502 | Depths:2 | Noticed a caustic shrike
 70509 | Depths:2 | Killed a caustic shrike
 70509 | Depths:2 | Killed a caustic shrike
 70510 | Depths:2 | Reached XP level 22. HP: 100/226 MP: 16/37
 70510 | Depths:2 | Noticed a caustic shrike
 70513 | Depths:2 | Killed a caustic shrike
 70713 | Depths:2 | Noticed a caustic shrike
 70714 | Depths:2 | Noticed a caustic shrike
 70714 | Depths:2 | Noticed a caustic shrike
 70717 | Depths:2 | Noticed a caustic shrike
 70717 | Depths:2 | Killed a caustic shrike
 70719 | Depths:2 | Noticed a caustic shrike
 70719 | Depths:2 | Killed a caustic shrike
 70727 | Depths:2 | Killed a caustic shrike
 70727 | Depths:2 | Killed a caustic shrike
 70729 | Depths:2 | Killed a caustic shrike
 70739 | Depths:2 | Noticed a juggernaut
 70743 | Depths:2 | Noticed a golden dragon
 70746 | Depths:2 | Killed a juggernaut
 70747 | Depths:2 | Paralysed by a floating eye for 4 turns
 70753 | Depths:2 | Killed a golden dragon
 71148 | Depths:2 | Noticed a juggernaut
 71159 | Depths:2 | Killed a juggernaut
 71335 | Depths:2 | Your ally Gorm died
 72234 | Depths:3 | Noticed a caustic shrike
 72240 | Depths:3 | Killed a caustic shrike
 72240 | Depths:3 | Noticed a caustic shrike
 72245 | Depths:3 | Gained Borgoth as an ally
 72248 | Depths:3 | Killed a caustic shrike
 72248 | Depths:3 | Your ally Borgoth died
 72249 | Depths:3 | HP: 8/226 [living spell/crystal spear[a walking crystal
                  | tome] (62)]
 72251 | Depths:3 | Your ally Arbolt died
 73084 | Depths:3 | Reached skill level 10 in Dodging
 73905 | Depths:3 | Gained Bogbarth as an ally
 76152 | Depths:4 | Noticed a golden dragon
 76166 | Depths:4 | Killed a golden dragon
 76167 | Depths:4 | Reached XP level 23. HP: 111/236 MP: 20/39
 76439 | Depths:4 | Found a gate to the Realm of Zot.
 76646 | Depths:4 | Noticed a golden dragon
 76659 | Depths:4 | Killed a golden dragon
 76840 | Depths:4 | Found a one-way gateway to a ziggurat.
 77487 | Vaults:5 | Entered Level 5 of the Vaults
 77497 | Vaults:4 | Gained Thorok as an ally
 78026 | Vaults:4 | Reached skill level 15 in Shields
 78185 | Vaults:5 | Noticed Mara
 78201 | Vaults:4 | Noticed AarnesTheHuman's illusion
 78205 | Vaults:4 | Killed Mara
 80554 | Vaults:5 | Your ally Bogbarth died
 80717 | Vaults:5 | Identified the ring of Losuoc {rCorr Str+3 Int+3}
 80717 | Vaults:5 | Noticed Margery
 80729 | Vaults:5 | Killed Margery
 81213 | Vaults:5 | Identified the +6 broad axe "Xychi" {drain, rF+ Will+ Int+4
                  | Stlth-}
 81213 | Vaults:5 | Identified the ring "Catuxzirgh" {*Corrode rN++ MP+9 Int+6
                  | Slay+6}
 82801 | Vaults:5 | Gained Dorog as an ally
 83083 | Vaults:5 | Noticed a golden dragon
 83091 | Vaults:5 | Killed a golden dragon
 83670 | Vaults:5 | Got a silver rune of Zot
 84364 | Vaults:5 | Identified the +1 chain mail of Instinct {rCorr}
 85479 | Hell     | Entered the Vestibule of Hell
 85479 | Hell     | Noticed Geryon
 85567 | Zot:1    | Entered Level 1 of the Realm of Zot
 86083 | Zot:1    | Reached XP level 24. HP: 205/245 MP: 36/40
 86851 | Snake:4  | Bought the ring of Oviracru {Will+ rCorr Int+5 Dex+4
                  | Stlth-} for 936 gold pieces
 87540 | Zot:1    | Noticed an orb of fire
 87545 | Zot:1    | Your ally Bogbarth died
 87546 | Zot:1    | Killed an orb of fire
 87562 | Zot:1    | Your ally Marbork died
 87563 | Zot:1    | Your ally Bladwarg died
 87818 | Zot:1    | Your ally Saint Roka died
 87821 | Zot:1    | Your ally Morun died
 88170 | Zot:1    | Your ally Morbeogh died
 89204 | Zot:2    | Your ally Dorog died
 89210 | Zot:2    | Reached skill level 27 in Invocations
 89484 | Zot:2    | Reached skill level 27 in Fighting
 89880 | Zot:2    | Your ally Bogwik died
 90070 | Zot:2    | Identified the amulet "Bimas" {rPois Will+ Regen+}
 91850 | Zot:3    | Noticed a Killer Klown
 91851 | Zot:3    | Noticed a Killer Klown
 91867 | Zot:3    | Killed a Killer Klown
 91878 | Zot:3    | Killed a Killer Klown
 91922 | Zot:3    | Reached XP level 25. HP: 163/257 MP: 31/40
 92318 | Zot:3    | Your ally Bogwik died
 92657 | Zot:4    | Your ally Thorok died
 94760 | Zot:4    | Noticed an orb of fire
 94770 | Zot:4    | Gained mutation: You sometimes lose the ability to read
                  | scrolls when taking damage. [an orb of fire]
 94775 | Zot:4    | Killed an orb of fire
 94870 | Zot:3    | Lost mutation: You sometimes lose the ability to read
                  | scrolls when taking damage. [potion of mutation]
 94870 | Zot:3    | Lost mutation: You are dopey. (Int -2) [potion of mutation]
 94870 | Zot:3    | Gained mutation: You are covered in fur. (AC +1) [potion of
                  | mutation]
 94870 | Zot:3    | Gained mutation: Your muscles are strong. (Str +2) [potion
                  | of mutation]
 94870 | Zot:3    | Gained mutation: Your system is resistant to poisons.
                  | (rPois) [potion of mutation]
 97433 | Zot:5    | Entered Level 5 of the Realm of Zot
 97897 | Zot:5    | Noticed an orb of fire
 97901 | Zot:5    | Gained mutation: You are frail. (-10% HP) [an orb of fire]
 97927 | Zot:5    | Gained mutation: You have a pair of small horns on your
                  | head. [an orb of fire]
 97929 | Zot:5    | Killed an orb of fire
 98593 | Zot:5    | Reached skill level 15 in Evocations
 99802 | Zot:5    | Noticed an orb of fire
 99807 | Zot:5    | Noticed a Killer Klown
 99808 | Zot:5    | Noticed a Killer Klown
 99809 | Zot:5    | Noticed a Killer Klown
 99809 | Zot:5    | Noticed a Killer Klown
 99826 | Zot:5    | Gained mutation: Your magical capacity is low. (-10% MP)
                  | [mutagenic glow]
 99854 | Zot:5    | Gained mutation: Your magical capacity is very low. (-20%
                  | MP) [mutagenic glow]
 99869 | Zot:4    | Lost mutation: You have a pair of small horns on your head.
                  | [mutagenic glow]
 99891 | Zot:4    | Gained mutation: You are very frail. (-20% HP) [mutagenic
                  | glow]
100286 | Zot:4    | Lost mutation: You are very frail. (-20% HP) [potion of
                  | mutation]
100286 | Zot:4    | Lost mutation: Your magical capacity is very low. (-20% MP)
                  | [potion of mutation]
100286 | Zot:4    | Lost mutation: Your system is resistant to poisons. (rPois)
                  | [potion of mutation]
100523 | Zot:5    | Gained mutation: You are very frail. (-20% HP) [an orb of
                  | fire]
100536 | Zot:4    | Killed an orb of fire
100537 | Zot:4    | Lost mutation: Your muscles are strong. (Str +2) [potion of
                  | mutation]
100537 | Zot:4    | Lost mutation: Your magical capacity is low. (-10% MP)
                  | [potion of mutation]
100537 | Zot:4    | Lost mutation: You are covered in fur. (AC +1) [potion of
                  | mutation]
100537 | Zot:4    | Gained mutation: You sometimes lose the ability to read
                  | scrolls when taking damage. [potion of mutation]
100537 | Zot:4    | Gained mutation: Your mind is acute. (Int +2) [potion of
                  | mutation]
100538 | Zot:4    | Lost mutation: Your mind is acute. (Int +2) [potion of
                  | mutation]
100538 | Zot:4    | Lost mutation: You are very frail. (-20% HP) [potion of
                  | mutation]
100538 | Zot:4    | Gained mutation: You have sharp toenails. [potion of
                  | mutation]
100538 | Zot:4    | Lost mutation: You are frail. (-10% HP) [potion of
                  | mutation]
100538 | Zot:4    | Gained mutation: You are agile. (Dex +2) [potion of
                  | mutation]
100539 | Zot:4    | Lost mutation: You sometimes lose the ability to read
                  | scrolls when taking damage. [potion of mutation]
100539 | Zot:4    | Lost mutation: You have sharp toenails. [potion of
                  | mutation]
100539 | Zot:4    | Lost mutation: You are agile. (Dex +2) [potion of mutation]
100539 | Zot:4    | Gained mutation: You have large cloven feet. [potion of
                  | mutation]
100539 | Zot:4    | Gained mutation: Potions are less effective at restoring
                  | your health. [potion of mutation]
100539 | Zot:4    | Gained mutation: You are robust. (+10% HP) [potion of
                  | mutation]
101169 | Zot:5    | Killed a Killer Klown
101510 | Zot:5    | Killed a Killer Klown
101843 | Zot:5    | Noticed an ancient lich
102724 | Zot:5    | Killed a Killer Klown
103013 | Zot:5    | Killed an ancient lich
103798 | Zot:5    | a Killer Klown changed into an iron dragon
104024 | Zot:5    | Reached XP level 26. HP: 269/292 MP: 37/40
104627 | Zot:5    | Noticed an ancient lich
104665 | Zot:5    | Killed an ancient lich
104732 | Zot:5    | Noticed an ancient lich
104733 | Zot:5    | Noticed a Killer Klown
104734 | Zot:5    | Noticed a Killer Klown
104734 | Zot:5    | Noticed an ancient lich
104821 | Zot:5    | Killed a Killer Klown
105139 | Zot:5    | Killed an ancient lich
105647 | Zot:5    | Killed an ancient lich
106254 | Zot:5    | Killed a Killer Klown
106367 | Zot:5    | Noticed an orb of fire
106369 | Zot:5    | Gained mutation: You are dopey. (Int -2) [an orb of fire]
106370 | Zot:5    | Gained mutation: You have hidden genetic defects. [an orb
                  | of fire]
106371 | Zot:5    | Gained mutation: You tend to lose your temper in combat.
                  | [an orb of fire]
106387 | Zot:5    | Gained mutation: You often lose your temper in combat. [an
                  | orb of fire]
106389 | Zot:5    | Killed an orb of fire
106405 | Zot:4    | Lost mutation: Potions are less effective at restoring your
                  | health. [potion of mutation]
106405 | Zot:4    | Lost mutation: You have large cloven feet. [potion of
                  | mutation]
106405 | Zot:4    | Lost mutation: You often lose your temper in combat.
                  | [potion of mutation]
106406 | Zot:4    | Lost mutation: You have hidden genetic defects. [potion of
                  | mutation]
106406 | Zot:4    | Lost mutation: You tend to lose your temper in combat.
                  | [potion of mutation]
106406 | Zot:4    | Lost mutation: You are dopey. (Int -2) [potion of mutation]
106406 | Zot:4    | Gained mutation: Armour fits poorly on your strangely
                  | shaped body. [potion of mutation]
106406 | Zot:4    | Gained mutation: Your muscles are strong. (Str +2) [potion
                  | of mutation]
106406 | Zot:4    | Gained mutation: Your spells are a little harder to cast,
                  | but a little more powerful. [potion of mutation]
106583 | Zot:5    | Noticed a Killer Klown
106603 | Zot:5    | Killed a Killer Klown
107873 | Snake:2  | Bought a potion of invisibility for 88 gold pieces
107873 | Snake:2  | Bought a potion of haste for 110 gold pieces
107873 | Snake:2  | Bought a potion of cancellation for 88 gold pieces
109789 | Zot:5    | Got the Orb of Zot
109914 | Depths:4 | Noticed a seraph
110058 | D:12     | Noticed Teziamog the pandemonium lord
110058 | D:12     | Noticed an ancient lich
110284 | D:$      | Escaped with the Orb!

Illustrated notes

Levels and vault maps discovered:
D:1:      lemuel_arrival_cross, layout_rooms, chequers_ecumenical_altar_simple,
          chequers_garden, minmay_tromino_v7
D:2:      layout_rooms
D:3:      layout_loops_corners, serial_shops, nicolae_shop_bloodbath_and_beyond,
          gammafunk_ghost_gnarly_gnolls, minmay_distorted, uniq_jessica,
          uniq_grinder
D:4:      layout_gridville, mainiacjoe_overflow_alcove_4,
          grunt_temple_overflow_order_and_chaos_2, serial_shops,
          nicolae_take_the_stairs, nicolae_figureground_pulse
D:5:      layout_cave_pools, lemuel_tele_altar, serial_shops, shop, uniq_edmund,
          uniq_sigmund, uniq_pikel
D:6:      layout_loops_ring, minmay_temple_entry_junction
D:7:      layout_rooms, elyvilon_altar_4, enter_bailey_7, serial_shops,
          kennysheep_mini
D:8:      layout_basic, amcnicky_altar_gilded, serial_shops, nicolae_shop_trees,
          due_unseen_surprise, uniq_gastronok
D:9:      layout_stronghold, nicolae_tso_carved_into_rock,
          mainiacjoe_overflow_six_doors_small, minmay_lair_entry_grove,
          zombieorc2_lemuel
D:10:     layout_long_grid, mainiacjoe_overflow_small_starburst, serial_shops,
          nicolae_shop_stone
D:11:     layout_basic
D:12:     minmay_cut_squares, layout_cave_pods, enter_trove_1, grunt_livestock
D:13:     layout_rooms, grunt_vaults_entry_fortified, serial_shops,
          nicolae_stop_n_shop_2, roderic_serpentine_path, uniq_rupert
D:14:     layout_roguey, portal_ice_cave_entry_pillars_2,
          gauntlet_entry_generic, minmay_staircase_bubble,
          eino_house_with_fridge, uniq_agnes
D:15:     hangedman_depths_entry_civil_slaughter, layout_rooms, special_room
          [special_room_bee], nicolae_benzene_ring
Temple:   dshaligram_water_room_temple
Lair:1:   dreamdust_labyrinth, layout_chaotic_city,
          hangedman_lair_unloving_vines, lemuel_fruit_fields
Lair:2:   layout_roguey, elwin_shoals_entry_rocks, serial_bayou_lagoon_b
Lair:3:   layout_long_grid, st_stairs_10, fungi_pond_lemuel,
          lemuel_fruit_fields, grunt_megastairs_4
Lair:4:   layout_hall_layers, guppyfry_snake_entry_garden,
          minmay_lair_drake_nest, uniq_josephine
Lair:5:   layout_cave_pods, serial_bayou_shore_b, grunt_megastairs_2
Lair:6:   grunt_lair_end_beastmaster, layout_hall_layers, slime_dummy
Shoals:1: layout_shoals, serial_shops, bzr_entry_lakeside
Shoals:2: layout_shoals, serial_shops, nicolae_shop_advertising_works
          [nicolae_subvault_shop_adworks], uniq_mlioglotl
Shoals:3: layout_shoals, lemuel_centaur_altar
Shoals:4: shoals_end_grunt_ice, layout_shoals, amcnicky_altar_lugonu_corruption
Snake:1:  layout_basic, uniq_kirke
Snake:2:  layout_misc_corridors, minmay_shop_star, uniq_donald, uniq_aizul,
          uniq_asterion
Snake:3:  nrook_guardian_serpent_snake_passage, layout_cave_shapes, uniq_vashnia
Snake:4:  hellmonk_snake_rune_quicksilver_temple, layout_onion, serial_shops,
          shop, shop_fountains, shop, uniq_saint_roka
Orc:1:    layout_caves, uniq_maurice
Orc:2:    st_orc_pillars, layout_diamond_mine, hellmonk_ghost_happy_afterlife,
          nicolae_shop_gadgets, uniq_jorgrun
Elf:1:    minmay_elf_arrival_circle, layout_geoelf_diagonals, minivault_28
Elf:2:    elven_hall_of_blades_hangedman_original
          [nicolae_blade_entry_sentries_behind_glass], layout_gridlike
Elf:3:    minmay_elf_hall_quartered_circle, layout_geoelf_diagonals,
          serial_shops, shop, nicolae_elf_blasts_and_bolts
Vaults:1: mu_enter_wizlab_2, vaults_dpeg_diagonal, grunt_vaults_focal,
          nicolae_vaults_little_squares_6, v_misc_14,
          vaults_room_stairs_pillars, vaults_dpeg_ring,
          vaults_room_stairs_pillars, layout_vaults_quadrants
Vaults:2: minmay_crypt_entry_necro_gods, nicolae_vaults_network_barrier,
          vaults_room_mumra_shop_pool, v_misc_31, v_pattern_2, v_misc_5,
          nicolae_vaults_yaktaur_gun_rack, v_alt_pattern_1,
          vaults_room_door_ring, hangedman_vaults_slice, vaults_room_semicircle,
          nicolae_vaults_specimen_jars, layout_vaults_omnicross, uniq_xtahua
Vaults:3: nicolae_vaults_puzzle_piece, vaults_mumra_hexcomb, v_misc_26,
          nicolae_vaults_little_squares_5, v_misc_1, vaults_room_large_hall,
          hangedman_vaults_corner_blocks, hangedman_vaults_slice,
          nicolae_vaults_statue_guard, vaults_room_pool,
          vaults_mumra_minichess_inversion, vaults_dpeg_hooks,
          layout_vaults_omnibox
Vaults:4: nicolae_vaults_network_s, nicolae_vaults_big_ls,
          nicolae_vaults_angled_halls, vaults_dpeg_cross,
          nicolae_vaults_network_periphery, v_misc_16,
          hangedman_vaults_capsules, ontoclasm_vaults_hangar,
          nicolae_vaults_asterisk, vaults_room_fours, serial_ice_h,
          layout_vaults_big_room, serial_glass, serial_shops, shop_statue,
          nicolae_square_shop, nicolae_shop_competitors_out_of_business
Vaults:5: serial_shops, uniq_margery, uniq_mara
Depths:1: layout_cave_shapes, grunt_pan_entry_sceptre, nzn_wu_jian_council_hall,
          hell_entry, nicolae_hepliaklqana_monster_ancestors,
          serial_bayou_shore_b, minmay_shop_grove
Depths:2: grunt_runaround [grunt_runaround_doors_1, grunt_runaround_doors_2,
          grunt_runaround_doors_3, grunt_runaround_doors_4,
          grunt_runaround_loot], pan_entry, hell_entry, serial_shops,
          uniq_bai_suzhen
Depths:3: minmay_outward_triangles, layout_gridlike, hell_entry,
          minmay_room_of_horrors, hangedman_decor_slide_cut,
          kennysheep_flooded_box, infiniplex_staircase_zigzag_1
Depths:4: evilmike_zot_entry_gauntlet, layout_gridlike, enter_ziggurat_f,
          abyss_entry, grunt_mini_vestibule, hangedman_decor_riveting,
          minmay_starry_boxes, uniq_enchantress, uniq_frederick
Hell
Zot:1:    layout_misc_corridors, hangedman_hellfire_club
Zot:2:    layout_cellular_growth, st_large_dragon_hoard_2
Zot:3:    grunt_zot_stairs_faceoff, layout_gridlike, st_stairs_11
Zot:4:    layout_twisted_circle, grunt_megastairs_5
Zot:5:    layout_cellular_growth

Skill      XL: |  1  2  3  4  5  6  7  8  9 10 11 12 13 14 15 16 17 18 19 20 21 22 23 24 25 26 |
---------------+-------------------------------------------------------------------------------+-----
Axes           | 3 4 5 7 8 9 12 13 14 15 17 18 20 22 23 24 25 | 25.0
Fighting       | 4 5 9 10 12 13 15 18 19 20 22 23 24 25 26 27 | 27.0
Armour         | 4 5 6 8 9 10 13 15 16 17 18 20 21 22 | 22.2
Shields        | 4 5 6 7 8 9 11 12 13 14 15 17 18 | 18.6
Evocations     | 4 6 8 11 15 | 15.0
Invocations    | 3 7 8 10 12 13 16 19 21 22 23 24 26 27 | 27.0
Dodging        | 2 4 5 6 7 8 10 11 12 | 12.6
Slings         | 6 9 10 | 10.0

Action                   |  1- 3 |  4- 6 |  7- 9 | 10-12 | 13-15 | 16-18 | 19-21 | 22-24 | 25-27 || total
-------------------------+-------+-------+-------+-------+-------+-------+-------+-------+-------++-------
Melee: War axe           |    98 |    88 |   235 |    21 |       |       |       |       |       ||   442
       Broad axe         |       |       |       |   484 |   891 |   798 |   538 |   924 |   585 ||  4220
       Headbutt          |       |       |       |       |       |       |       |       |    37 ||    37
 Fire: Hand crossbow     |       |       |       |     9 |    24 |       |       |       |       ||    33
       Hunting sling     |       |       |       |       |    42 |    76 |   223 |   238 |   348 ||   927
Throw: Stone             |     2 |       |     3 |     2 |       |       |       |       |       ||     7
       Throwing net      |       |       |       |       |     2 |       |       |       |       ||     2
       Dart              |       |       |       |       |     6 |     3 |       |       |       ||     9
Invok: Convert to Beogh  |       |       |       |     1 |       |       |       |       |       ||     1
       Give Item to Name |       |       |       |       |     4 |     4 |     3 |     3 |       ||    14
       Recall Orcish Fol |       |       |       |       |     8 |    21 |    12 |    18 |     4 ||    63
       Stop Recall       |       |       |       |       |     2 |    13 |    11 |    10 |       ||    36
       Smiting           |       |       |       |       |     1 |    16 |     3 |     9 |       ||    29
       Resurrection      |       |       |       |       |       |     2 |     3 |     3 |       ||     8
Evoke: Wand              |       |     3 |    26 |    32 |     5 |    12 |    12 |    18 |     5 ||   113
       Condenser vane    |       |       |       |       |       |     1 |     1 |     2 |       ||     4
       Tin of tremorston |       |       |       |       |       |       |       |     3 |       ||     3
       Phial of floods   |       |       |       |       |       |       |       |     2 |       ||     2
  Use: Scroll            |       |     6 |     7 |     9 |    15 |    14 |     3 |     8 |    24 ||    86
       Potion            |       |       |       |     1 |     1 |     1 |     2 |     2 |    13 ||    20
 Stab: Distracted        |       |       |       |       |     7 |    11 |    10 |    14 |     2 ||    44
       Held in net/web   |       |       |       |       |     1 |       |       |       |       ||     1
       Paralysed         |       |       |       |       |       |       |     4 |     4 |       ||     8
       Confused          |       |       |       |       |       |       |       |     1 |       ||     1
Armor: Scale mail        |    49 |    34 |    81 |     5 |       |       |       |       |       ||   169
       Plate armour      |       |       |       |   239 |   383 |   186 |   249 |    26 |       ||  1083
       Chain mail        |       |       |       |       |   241 |   264 |       |       |       ||   505
       Gold dragon scale |       |       |       |       |       |       |       |   486 |   330 ||   816
Dodge: Dodged            |    50 |    31 |    82 |   131 |   328 |   188 |   120 |   249 |   202 ||  1381
Block: Buckler           |    19 |    21 |    59 |   155 |   249 |       |       |       |       ||   503
       Tower shield      |       |       |       |       |   179 |   840 |   716 |  1208 |   843 ||  3786
       Reflection        |       |       |       |       |       |    79 |    83 |    17 |    26 ||   205
       Rpst.: Broad axe  |       |       |       |    20 |    69 |    39 |    16 |    30 |    23 ||   197
